 Dungeon Crawl Stone Soup version 0.18-a0-1203-gbde16db (webtiles) character file.

67 RedPan the Shooter (level 3, 0/29 HPs)
             Began as a Centaur Hunter on Feb 1, 2016.
             Slain by vivi's ghost (11 damage)
             ... on level 3 of the Dungeon.
             The game lasted 00:04:11 (1463 turns).

RedPan the Shooter (Centaur Hunter)                 Turns: 1463, Time: 00:04:11

Health: 0/29       AC:  8    Str: 14    XL:     3   Next: 98%
Magic:  3/3        EV:  7    Int: 10    God:
Gold:   124        SH:  0    Dex: 10    Spells: 0 memorised, 2 levels left

rFire  . . .     SeeInvis .     a - +1 shortbow
rCold  . . .     Gourm    .     q - +0 scale mail
rNeg   . . .     Faith    .     (shield currently unavailable)
rPois  .         Spirit   .     (no helmet)
rElec  .         Dismiss  .     i - +1 cloak
rCorr  .         Reflect  .     (no gloves)
SustAt .         Harm     .     (no barding)
MR     .....                    (no amulet)
Stlth  ..........               (no ring)
                                (no ring)

@: very quick, not resistant to hostile enchantments, extremely unstealthy
A: hooves 3, deformed body, speed 2, tough skin 3
a: no special abilities


You were on level 3 of the Dungeon.
You were not hungry.

You visited 1 branch of the dungeon, and saw 3 of its levels.

You collected 124 gold pieces.

Inventory:

Hand Weapons
 a - a +1 shortbow (weapon)
 b - a +0 short sword
Missiles
 d - 26 arrows (quivered)
Armour
 c - a +0 leather armour
 i - a +1 cloak (worn)
 q - a +0 scale mail (worn)
Scrolls
 m - 2 scrolls of remove curse
Potions
 o - a potion of haste {unknown}
 p - a potion of cancellation {unknown}
 r - a potion of ambrosia {unknown}
 s - a potion of brilliance
 u - a potion of cure mutation {unknown}
Comestibles
 f - 2 bread rations
 g - 3 chunks of flesh
 h - a beef jerky
 j - 2 slices of pizza
 n - 3 fruits


   Skills:
 - Level 2.0 Fighting
 + Level 1.3 Short Blades
 + Level 6.9 Bows
 - Level 1.3 Dodging
 - Level 0.5 Stealth


You had 2 spell levels left.
You didn't know any spells.

Dungeon Overview and Level Annotations

Branches:
Dungeon (3/15)

Altars:

Annotations:
D:3 vivi's ghost, amateur FoFi


Innate Abilities, Weirdness & Mutations

You have hooves in place of feet.
Armour fits poorly on your strangely shaped body.
You cover ground very quickly.
You have extremely tough skin (AC +3).


Message History

Vivi's ghost hits you!
Firing (i - inventory):
d - 29 arrows (quivered)
Press: ? - help, Shift-Dir - straight line, f/p - vivi's ghost
Aim: vivi's ghost (heavily damaged)
You shoot an arrow. The arrow hits vivi's ghost!
Vivi's ghost is severely damaged.
Vivi's ghost hits you but does no damage.
Firing (i - inventory):
d - 28 arrows (quivered)
Press: ? - help, Shift-Dir - straight line, f/p - vivi's ghost
Aim: vivi's ghost (severely damaged)
You shoot an arrow.
The arrow hits vivi's ghost but does no damage.
Vivi's ghost is severely damaged.
Vivi's ghost hits you!
Firing (i - inventory):
d - 27 arrows (quivered)
Press: ? - help, Shift-Dir - straight line, f/p - vivi's ghost
Aim: vivi's ghost (severely damaged)
You shoot an arrow. The arrow barely misses vivi's ghost.
Vivi's ghost hits you!
You die...

###### #....#
#..).# #...<#
#....# #.@..##
#..W..# #####
#...(.## ......
#....(.# #......
#....#.####......
#....#...........
##.####..#.......
#.# ##.(..W....##
#. #....####.##W


You could see vivi's ghost.

Vanquished Creatures
  2 adders (D:2)
  A worm (D:2)
  2 giant geckos
  3 giant cockroaches
  10 goblins
  6 hobgoblins
  2 jackals (D:1)
  5 kobolds
  5 bats
  3 giant newts (D:2)
  4 rats
43 creatures vanquished.

Notes
Turn   | Place    | Note
--------------------------------------------------------------
     0 | D:1      | RedPan the Centaur Hunter began the quest for the Orb.
     0 | D:1      | Reached XP level 1. HP: 17/17 MP: 1/1
    98 | D:1      | Reached XP level 2. HP: 18/24 MP: 2/2
   129 | D:1      | Reached skill level 6 in Bows
   662 | D:2      | Reached XP level 3. HP: 14/29 MP: 3/3
  1063 | D:2      | Reached skill level 1 in Short Blades
  1369 | D:3      | Noticed vivi's ghost (amateur FoFi)
  1463 | D:3      | Slain by vivi's ghost

Vault maps used:
D:1:      eino_arrival_water_cross
D:2:      serial_corexii_hall, corexii_hall_statues_x, corexii_hall_statues_i,
          corexii_hall_statues_i, corexii_hall_statues_u, nrook_mini_backslash
D:3:      kennysheep_generic_room_6

Action                   || total
-------------------------++-------
Melee: Short sword       ||   157
 Fire: Shortbow          ||    10
  Use: Scroll            ||     5
       Potion            ||     1
  Eat: Chunk             ||     1
